 Dungeon Crawl Stone Soup version 0.26-a0-1025-g006ef2cfcc (webtiles) character file.

Game seed: 309278212941231765

135 KristoblXynda the Ducker (level 4, 0/36 HPs)
             Began as a Spriggan Berserker on Dec 9, 2020.
             Was a Priest of Trog.
             Slain by a ball python (1 damage)
             ... on level 4 of the Dungeon.
             The game lasted 00:05:20 (3318 turns).

KristoblXynda the Ducker (Spriggan Berserker)       Turns: 3318, Time: 00:05:20

Health: 0/36       AC:  3    Str: 13    XL:     4   Next: 97%
Magic:  5/5        EV: 18    Int:  8    God:    Trog [***...]
Gold:   266        SH:  0    Dex: 16    Spells: 3/3 levels left

rFire    . . .     SeeInvis +   a - +0 short sword
rCold    . . .     Faith    .   (shield restricted)
rNeg     . . .     Spirit   .   b - +1 animal skin
rPois    .         Reflect  .   (helmet restricted)
rElec    .         Harm     .   (no cloak)
rCorr    .         Rampage  .   (gloves unavailable)
Will     .....                  (boots unavailable)
Stlth    ..........             (no amulet)
HPRegen  0.12/turn              (no ring)
MPRegen  0.09/turn              (no ring)

@: berserking, constricted, quick
A: very small, unfitting armour, see invisible, speed 3
a: Berserk, Trog's Hand, Renounce Religion


You were on level 4 of the Dungeon.
You worshipped Trog.
Trog was most pleased with you.
You visited 1 branch of the dungeon, and saw 4 of its levels.

You collected 266 gold pieces.

Inventory:

Hand Weapons
 a - a +0 short sword (weapon)
Armour
 b - a +1 animal skin (worn)
Jewellery
 l - an uncursed amulet of magic regeneration
Scrolls
 d - 2 scrolls of remove curse
 g - a scroll of fear
 h - a scroll of noise {unknown}
 k - a scroll of blinking
Potions
 e - a potion of magic
 f - 2 potions of haste
 i - a potion of lignification
 j - a potion of mutation


   Skills:
 + Level 3.1 Fighting
 + Level 4.2 Short Blades
 + Level 5.6 Dodging
 + Level 3.6 Stealth


You had 3 spell levels left.
You didn't know any spells.
Your spell library was empty.

Dungeon Overview and Level Annotations

Branches:
Dungeon (4/15)
 Temple: D:4-7

Altars:
Zin

Annotations:
D:4 Pikel


Innate Abilities, Weirdness & Mutations

You are very small and have problems with some larger weapons.
You are too small for most types of armour.
You have supernaturally acute eyesight. (SInv)
You cover ground extremely quickly.


Message History

Your unstable footing causes you to fumble your attack.
The river rat bites you. The rat bites you.
You hit the river rat.
The river rat is severely wounded.
The ball python bites you. The ball python constricts you.
The river rat barely misses you. x2
You puncture the river rat!
You kill the river rat!
Trog accepts your kill.
The rat splashes around in the water.
The ball python bites you.
* * * LOW HITPOINT WARNING * * *
The ball python constricts you.
You closely miss the rat. The river rat bites you!
* * * LOW HITPOINT WARNING * * *
You puncture the rat!
You feel the power of Trog in you as your rage grows.
You kill the rat!
Trog accepts your kill. The ball python closely misses you.
You die...

#.# #......#.#.#
#.# ######.#.###
#.# #......
####.##########.###
#........... ...#
#.........#######
#≈≈.......#
#.rr.≈...##
#≈@Sw≈...#
###†#≈≈..# ≈#≈≈..#
≈+≈w≈.# ≈#r.≈.# ##
####


You could see a worm, a river rat, a ball python and a rat.

Vanquished Creatures
  2 lemures (D:4)
  Jessica (D:2)
  A worker ant (D:4)
  A river rat (D:4)
  An ooze (D:2)
  A worm (D:4)
  A dart slug (D:2)
  3 leopard geckos
  4 orcs (D:4)
  3 giant cockroaches (D:1)
  3 goblins (D:1)
  7 hobgoblins
  6 jackals (D:1)
  7 kobolds
  2 quokkas (D:2)
  A ball python (D:2)
  6 bats
  4 frilled lizards
  6 rats
60 creatures vanquished.

Vanquished Creatures (others)
  5 toadstools (D:4)
5 creatures vanquished.

Grand Total: 65 creatures vanquished

Notes
Turn   | Place    | Note
-------+----------+-------------------------------------------
     0 | D:1      | KristoblXynda the Spriggan Berserker began the quest for
                  | the Orb.
     0 | D:1      | Reached XP level 1. HP: 11/11 MP: 2/2
    83 | D:1      | Reached skill level 1 in Stealth
   114 | D:1      | Reached XP level 2. HP: 12/16 MP: 3/3
   638 | D:1      | Reached ** piety under Trog
   989 | D:1      | Reached XP level 3. HP: 19/19 MP: 4/4
  1000 | D:1      | Reached skill level 5 in Dodging
  1322 | D:2      | Noticed Jessica
  1333 | D:2      | Killed Jessica
  1334 | D:2      | Reached XP level 4. HP: 15/23 MP: 5/5
  2066 | D:2      | Found a glowing silver altar of Zin.
  2179 | D:3      | You fall into a shaft and drop 1 floor!
  2612 | D:4      | Noticed a lemure
  2613 | D:4      | Noticed a lemure
  2614 | D:4      | Noticed a lemure
  2614 | D:4      | Noticed a lemure
  2614 | D:4      | Noticed Pikel
  2636 | D:4      | Killed a lemure
  2641 | D:4      | Killed a lemure
  3316 | D:4      | Reached *** piety under Trog
  3317 | D:4      | HP: 1/36 [river rat (9)]
  3318 | D:4      | Slain by a ball python

Illustrated notes

Levels and vault maps discovered:
D:1:      dpeg_arrival_connections, layout_rooms
D:2:      layout_loops_ring, general_overflow_altar, uniq_jessica
D:3:      layout_basic, chequers_ecumenical_altar_simple_redux
D:4:      black_bear_nest_1, layout_basic, portal_sewer_entry_e,
          minmay_gold_behind_fungi, hangedman_abyss_or_decor_stagger, uniq_pikel

Skill      XL: |  1  2  3  4 |
---------------+-------------+-----
Stealth        | 1 2 3 |  3.6
Dodging        | 5 |  5.6
Fighting       | 3 |  3.1
Short Blades   | 4 |  4.2

Action                   |  1- 3 |  4- 6 || total
-------------------------+-------+-------++-------
Melee: Short sword       |   106 |    96 ||   202
Invok: Berserk           |     5 |     4 ||     9
  Use: Scroll            |       |    10 ||    10
       Potion            |       |     1 ||     1
 Stab: Sleeping          |     4 |     1 ||     5
Armor: Animal skin       |     6 |     5 ||    11
Dodge: Dodged            |    93 |    85 ||   178

Table legend: (Time is in decaauts)
 A = Elapsed time spent in this place.
 B = Non-inter-level travel time spent in this place.
 C = Inter-level travel time spent in this place.
 D = Time resting spent in this place.
 E = Time spent auto-exploring this place.
 F = Levels seen in this place.
 G = Mean time per level.
                   A        B        C        D        E       F      G
               +--------+--------+--------+--------+--------+-----+--------+
         Total |   2737 |   2725 |     12 |   1058 |   1194 |   4 |  684.2 |
       Dungeon |   2737 |   2725 |     12 |   1058 |   1194 |   4 |  684.2 |
               +--------+--------+--------+--------+--------+-----+--------+

Top non-repeatable levels by time:
     D:1: 1112 daAuts
     D:4: 904 daAuts
     D:2: 695 daAuts
     D:3: 25 daAuts
